 Dungeon Crawl Stone Soup version 0.30-a0-457-g4b7bca3bfa (webtiles) character file.

Game seed: 2683885851792827760

571 p00ps00p the Trooper (level 7, -4/62 HPs)
             Began as a Hill Orc Fighter on Dec 14, 2022.
             Slain by a centaur (5 damage)
             ... on level 4 of the Dungeon.
             The game lasted 00:03:52 (2860 turns).

p00ps00p the Trooper (Hill Orc Fighter)             Turns: 2860, Time: 00:03:53

Health: -4/62      AC:  9    Str: 21    XL:     7   Next: 34%
Magic:  7/7        EV:  9    Int:  8    God:
Gold:   171        SH:  5    Dex: 10    Spells: 6/6 levels left

rFire   . . .      SeeInvis .    a - +1 war axe
rCold   . . .      Faith    .    c - +0 buckler
rNeg    . . .      Spirit   .    b - +0 scale mail
rPois   .          Reflect  .    j - +1 helmet
rElec   .          Harm     .    (no cloak)
rCorr   .          Rampage  .    (no gloves)
Will    +....                    (no boots)
Stlth   ..........               (no amulet)
HPRegen 0.30/turn                p - ring of willpower
MPRegen 0.10/turn                (no ring)

@: mighty
A: no striking features
a: no special abilities


You were on level 4 of the Dungeon.
You visited 1 branch of the dungeon, and saw 4 of its levels.

You collected 171 gold pieces.

Inventory:

Hand Weapons
 a - a +1 war axe (weapon)
Missiles
 i - 6 datura-tipped darts (quivered)
Armour
 b - a +0 scale mail (worn)
 c - a +0 buckler (worn)
 j - a +1 helmet (worn)
Jewellery
 f - a ring of fire
 p - a ring of willpower (left hand)
Scrolls
 e - 2 scrolls of identify
Potions
 g - 2 potions of curing
 h - a potion of attraction {unknown}
 k - a potion of flight {unknown}
 l - a potion of brilliance {unknown}
 m - a potion of haste {unknown}
 n - a potion of degeneration {unknown}
 o - a potion of ambrosia {unknown}


   Skills:
 + Level 5.7 Fighting
 + Level 5.5 Axes
 + Level 5.3 Armour
 + Level 5.3 Shields


You had 6 spell levels left.
You didn't know any spells.
Your spell library contained the following spells:

 Spells                   Type           Power      Damage    Failure   Level
 Sandblast                Erth           0%         2d4       82%         1
 Passwall                 Tmut/Erth      0%         N/A       91%         2
 Stone Arrow              Conj/Erth      0%         3d7       99%         3


Dungeon Overview and Level Annotations

Branches:
Dungeon (4/15)
 Temple: D:4-7

Altars:

Shops:
D:1 (

Annotations:
D:4 3 runed translucent doors


Message History

The centaur kicks you but does no damage.
The orc barely misses you.
The orc priest calls down the wrath of Beogh upon you.
Beogh smites you!
* * * LOW HITPOINT WARNING * * *
You feel better. The centaur closely misses you. The centaur barely misses you.
The orc priest barely misses you. The orc closely misses you.
The orc priest threatens, "By the altar or by the axe, you will meet Beogh!"
You barely miss the orc priest. You hit the orc.
You hit the centaur but do no damage.
The centaur hits you but does no damage.
The centaur barely misses you. You block the centaur's attack.
The centaur kicks you but does no damage.
You block the orc's attack.
The orc priest invokes the aid of Beogh against you.
Beogh smites you!
* * * LOW HITPOINT WARNING * * *
You slice the orc priest!!
You kill the orc priest!
You hit the orc.
You kill the orc!
You barely miss the centaur. The centaur hits you.
* * * LOW HITPOINT WARNING * * *
The centaur closely misses you. The centaur barely misses you.
The centaur kicks you but does no damage.
You slash the centaur!
The centaur is severely wounded.
The centaur hits you but does no damage.
The centaur kicks you but does no damage.
You block the centaur's attack. The centaur barely misses you.
You closely miss the centaur.
The centaur is severely wounded.
You block the centaur's attack. x2
The centaur hits you but does no damage.
The centaur kicks you.
* * * LOW HITPOINT WARNING * * *
You hit the centaur but do no damage.
The centaur is severely wounded.
The centaur hits you.
You die...

..## $..
##..##....
#......#..
#......... ...
#......#.# ..#
#........# ...#
#.))...#[###.#.#
#.@c..>...#..#.#
###.####.#...##.#
##...# #.....##.#
####†)###
#.....#.####
#......#
#...#.....
#......#
##......)..
#......###
#..#.......
#....)...##
#.###......
#......#..#
#.##.......


You could see a centaur.

Vanquished Creatures
  Sigmund (D:2)
  A phantom (D:4)
  A bullfrog (D:4)
  A hound (D:4)
  An orc priest (D:4)
  An iguana (D:3)
  7 adders
  3 gnolls (D:3)
  3 worms (D:2)
  4 dart slugs
  7 orcs
  6 endoplasms
  3 giant cockroaches
  7 goblins
  3 hobgoblins
  10 kobolds
  7 ball pythons
  5 bats
  5 frilled lizards
  4 rats
80 creatures vanquished.

Notes
Turn   | Place    | Note
-------+----------+-------------------------------------------
     0 | D:1      | p00ps00p the Hill Orc Fighter began the quest for the Orb.
     0 | D:1      | Reached XP level 1. HP: 19/19 MP: 1/1
    66 | D:1      | Reached XP level 2. HP: 25/27 MP: 2/2
   307 | D:1      | Found Askuz's Antique Weapon Emporium.
   410 | D:1      | Reached XP level 3. HP: 33/33 MP: 3/3
  1105 | D:2      | Reached XP level 4. HP: 40/40 MP: 4/4
  1544 | D:2      | Noticed Sigmund
  1563 | D:2      | Killed Sigmund
  1564 | D:2      | Reached skill level 5 in Fighting
  1564 | D:2      | Reached XP level 5. HP: 30/48 MP: 5/5
  1564 | D:2      | Reached XP level 6. HP: 35/56 MP: 6/6
  2702 | D:4      | Found a runed translucent gate.
  2702 | D:4      | Found a runed translucent gate.
  2702 | D:4      | Found a runed translucent gate.
  2746 | D:4      | Reached skill level 5 in Axes
  2746 | D:4      | Reached skill level 5 in Armour
  2746 | D:4      | Reached skill level 5 in Shields
  2838 | D:4      | Reached XP level 7. HP: 41/61 MP: 7/7
  2852 | D:4      | HP: 3/62 [orc/+0 club (1)]
  2854 | D:4      | HP: 1/62 [orc priest/divine providence (8)]
  2859 | D:4      | HP: 1/62 [centaur (2)]
  2860 | D:4      | Slain by a centaur

Illustrated notes

Levels and vault maps discovered:
D:1:      eino_arrival_cavern_a, layout_loops_ring, serial_shops,
          nicolae_shop_overgrown_old_shop
D:2:      layout_basic, serial_corexii_hall, corexii_hall_statues_s,
          corexii_hall_statues_i, corexii_hall_statues_s,
          corexii_hall_statues_x, amethyst_killhole, uniq_sigmund
D:3:      layout_basic, chequers_serial_rivers_small_a, nicolae_titane
D:4:      layout_rooms, ebering_ghost_rock_garden, lightli_corner_chamber

Skill      XL: |  1  2  3  4  5  6 |
---------------+-------------------+-----
Axes           | 3 4 5 |  5.5
Fighting       | 4 5 |  5.7
Shields        | 4 5 |  5.3
Armour         | 4 5 |  5.3

Action                   |  1- 3 |  4- 6 |  7- 9 || total
-------------------------+-------+-------+-------++-------
Melee: War axe           |    87 |   127 |    16 ||   230
  Use: Scroll            |     6 |       |       ||     6
       Potion            |       |       |     3 ||     3
Armor: Scale mail        |    44 |    64 |    20 ||   128
Dodge: Dodged            |    33 |    51 |    13 ||    97
Block: Buckler           |    14 |    21 |     7 ||    42

Table legend: (Time is in decaauts)
 A = Elapsed time spent in this place.
 B = Non-inter-level travel time spent in this place.
 C = Inter-level travel time spent in this place.
 D = Time resting spent in this place.
 E = Time spent auto-exploring this place.
 F = Levels seen in this place.
 G = Mean time per level.
                   A        B        C        D        E       F      G
               +--------+--------+--------+--------+--------+-----+--------+
         Total |   2936 |   2817 |    119 |      0 |   2238 |   4 |  734.0 |
       Dungeon |   2936 |   2817 |    119 |      0 |   2238 |   4 |  734.0 |
               +--------+--------+--------+--------+--------+-----+--------+

Top non-repeatable levels by time:
     D:2: 1127 daAuts
     D:1: 818 daAuts
     D:3: 747 daAuts
     D:4: 244 daAuts
